 Dungeon Crawl Stone Soup version 0.25.1-2-g60ff931df9 (webtiles) character file.

Game seed: 15731014592791681747

147 gareth1b the Chopper (level 5, 0/49 HPs)
             Began as a Naga Fighter on Nov 19, 2020.
             Slain by a white imp (2 damage)
             ... summoned by Natasha
             ... on level 3 of the Dungeon.
             The game lasted 00:00:38 (2708 turns).

gareth1b the Chopper (Naga Fighter)                 Turns: 2708, Time: 00:00:39

Health: 0/49       AC:  6    Str: 18    XL:     5   Next: 29%
Magic:  5/5        EV:  5    Int: 10    God:
Gold:   108        SH:  8    Dex: 10    Spells: 4/4 levels left

rFire    . . .     SeeInvis +   Y - +0 war axe
rCold    . . .     Gourm    .   c - +0 kite shield
rNeg     . . .     Faith    .   b - +0 scale mail
rPois    +         Spirit   .   (no helmet)
rElec    .         Reflect  .   (no cloak)
rCorr    .         Harm     .   g - +0 pair of gloves
MR       .....                  (no barding)
Stlth    ..........             (no amulet)
HPRegen  0.16/turn              (no ring)
MPRegen  0.09/turn              (no ring)

@: slowed, very slow
A: large, see invisible, deformed body, poison resistance, slowness 2, slow
metabolism 1, spit poison 1, AC +1
a: Spit Poison


You were on level 3 of the Dungeon.
You were not hungry.

You visited 1 branch of the dungeon, and saw 3 of its levels.

You collected 108 gold pieces.


Innate Abilities, Weirdness & Mutations

You cannot wear boots.
Your serpentine skin is tough. (AC +1)
You have supernaturally acute eyesight. (SInv)
Armour fits poorly on your strangely shaped body.
Your system is resistant to poisons. (rPois)
You cover ground very slowly.
You have a slow metabolism.
You can spit poison.


   Skills:
 - Level 3.0 Fighting
 + Level 5.3 Axes
 - Level 2.4 Armour
 - Level 2.4 Shields


You had 4 spell levels left.
You didn't know any spells.
Your spell library was empty.

Inventory:

Hand Weapons
 h - a +0 whip
 Y - a +0 war axe (weapon)
Armour
 b - a +0 scale mail (worn)
 c - a +0 kite shield (worn)
 g - a +0 pair of gloves (worn)
Jewellery
 a - an uncursed ring of wizardry {unknown}
Scrolls
 e - a scroll of teleportation
 l - a scroll of fog {unknown}
 m - 3 scrolls of enchant weapon {unknown}
Potions
 d - 4 potions of might
 i - a potion of curing {unknown}
 k - a potion of degeneration {unknown}
Comestibles
 f - 6 rations
 j - a chunk of flesh

Dungeon Overview and Level Annotations

Branches:
Dungeon (3/15)

Altars:
Makhleb

Annotations:
D:3 Natasha


Message History

Natasha casts a spell at you. The magic dart hits you.
You block the white imp's attack. You block Natasha's attack.
Your scale mail prevents you from hitting Natasha.
Natasha is severely wounded.
Your shield and scale mail prevent you from hitting the white imp.
The white imp barely misses you. Natasha claws you. The white imp hits you.
The white imp freezes you. Natasha claws you.
You hit Natasha but do no damage.
Natasha is severely wounded.
You closely miss the white imp.
The white imp hits you but does no damage.
Natasha claws you but does no damage. You block the white imp's attack.
You block Natasha's attack.
You closely miss Natasha.
Natasha is severely wounded.
You barely miss the white imp. The white imp gestures at you.
The puff of frost hits you! Natasha claws you! The white imp hits you.
You die...

############ ###...........
...........# #.........##.
## #.5h....)... .# #@#......
.# ##....##.# .# #........#
.# ##.#####.# .#### ##..####
)...##### ##.#<...# #. .#.##
........#####....##.## #.
.#.' .###.....+....##.#...#
#.#...
.........#.......+...###.#..
#


You could see Natasha and a white imp (summoned).

Vanquished Creatures
  Jessica (D:2)
  2 adders (D:2)
  3 oozes
  5 worms (D:2)
  A leopard gecko (D:2)
  2 orcs (D:3)
  3 giant cockroaches
  7 goblins
  5 hobgoblins
  6 jackals
  12 kobolds
  A quokka (D:2)
  13 bats
  4 frilled lizards
  6 rats
71 creatures vanquished.

Notes
Turn   | Place    | Note
-------+----------+-------------------------------------------
     0 | D:1      | gareth1b the Naga Fighter began the quest for the Orb.
     0 | D:1      | Reached XP level 1. HP: 21/21 MP: 1/1
     0 | D:1      | 0 ||| counter = 43
     2 | D:1      | 2 ||| INVOKING Spit Poison.
     3 | D:1      | 3 ||| INVOKING Spit Poison.
    10 | D:1      | 10 ||| INVOKING Spit Poison.
    89 | D:1      | 89 ||| INVOKING Spit Poison.
    90 | D:1      | 90 ||| INVOKING Spit Poison.
    95 | D:1      | 95 ||| INVOKING Spit Poison.
    96 | D:1      | 96 ||| Stepping ~*~*~tactically~*~*~ (stealth).
    97 | D:1      | 97 ||| Stepping ~*~*~tactically~*~*~ (stealth).
   105 | D:1      | 105 ||| INVOKING Spit Poison.
   105 | D:1      | Reached XP level 2. HP: 25/28 MP: 2/2
   162 | D:1      | 162 ||| INVOKING Spit Poison.
   166 | D:1      | 166 ||| INVOKING Spit Poison.
   227 | D:1      | 227 ||| INVOKING Spit Poison.
   247 | D:1      | 247 ||| Stepping ~*~*~tactically~*~*~ (hiding).
   248 | D:1      | 248 ||| Stepping ~*~*~tactically~*~*~ (hiding).
   249 | D:1      | 249 ||| Stepping ~*~*~tactically~*~*~ (hiding).
   250 | D:1      | 250 ||| Waiting for ranged monster.
   251 | D:1      | 251 ||| Waiting for ranged monster.
   252 | D:1      | 252 ||| Stepping ~*~*~tactically~*~*~ (hiding).
   253 | D:1      | 253 ||| Waiting for ranged monster.
   255 | D:1      | 255 ||| INVOKING Spit Poison.
   256 | D:1      | 256 ||| Waiting for ranged monster.
   257 | D:1      | 257 ||| Waiting for ranged monster.
   258 | D:1      | 258 ||| Waiting for ranged monster.
   259 | D:1      | 259 ||| Waiting for ranged monster.
   260 | D:1      | 260 ||| Waiting for ranged monster.
   261 | D:1      | 261 ||| Waiting for ranged monster.
   353 | D:1      | 353 ||| INVOKING Spit Poison.
   353 | D:1      | Reached skill level 3 in Axes
   565 | D:1      | 565 ||| SWAPPING to glowing hand axe.
   566 | D:1      | 566 ||| SWAPPING to +0 war axe.
   567 | D:1      | 567 ||| DROPPING +1 hand axe of venom.
   569 | D:1      | 569 ||| INVOKING Spit Poison.
   621 | D:1      | 621 ||| INVOKING Spit Poison.
   644 | D:1      | 644 ||| INVOKING Spit Poison.
   648 | D:1      | 648 ||| INVOKING Spit Poison.
   656 | D:1      | 656 ||| INVOKING Spit Poison.
   660 | D:1      | 660 ||| INVOKING Spit Poison.
   663 | D:1      | Reached XP level 3. HP: 34/34 MP: 3/3
   900 | D:1      | 900 ||| UPGRADING to pair of gloves.
   905 | D:1      | 905 ||| READING scroll labeled ANAHIPS LULEMN.
   906 | D:1      | 906 ||| READING scroll labeled USMUEMOULO.
   907 | D:1      | 907 ||| READING scroll labeled ZOWO ERIUCAO.
   912 | D:1      | 912 ||| READING scroll labeled CIR PUXECVUSM.
   961 | D:2      | 961 ||| INVOKING Spit Poison.
   962 | D:2      | 962 ||| INVOKING Spit Poison.
   970 | D:2      | 970 ||| FLEEEEING.
   971 | D:2      | 971 ||| FLEEEEING.
   972 | D:2      | 972 ||| FLEEEEING.
   973 | D:2      | 973 ||| FLEEEEING.
   974 | D:2      | 974 ||| FLEEEEING.
   975 | D:2      | 975 ||| FLEEEEING.
   976 | D:2      | 976 ||| FLEEEEING.
   977 | D:2      | 977 ||| FLEEEEING.
   978 | D:2      | 978 ||| FLEEEEING.
   979 | D:2      | 979 ||| FLEEEEING.
   980 | D:2      | 980 ||| FLEEEEING.
   981 | D:2      | 981 ||| FLEEEEING.
   982 | D:2      | 982 ||| FLEEEEING.
   983 | D:2      | 983 ||| STILL FLEEEEING.
   984 | D:2      | 984 ||| FLEEEEING.
   985 | D:2      | 985 ||| FLEEEEING.
   986 | D:2      | 986 ||| FLEEEEING.
   987 | D:2      | 987 ||| INVOKING Spit Poison.
   992 | D:2      | 992 ||| FLEEEEING.
   993 | D:2      | 993 ||| FLEEEEING.
   994 | D:2      | 994 ||| FLEEEEING.
   995 | D:2      | 995 ||| FLEEEEING.
   996 | D:2      | 996 ||| STAIRDANCE
  1054 | D:2      | HP: 7/34 [worm (10)]
  1060 | D:2      | 1060 ||| STAIRDANCE
  1422 | D:2      | 1422 ||| INVOKING Spit Poison.
  1426 | D:2      | 1426 ||| INVOKING Spit Poison.
  1427 | D:2      | 1427 ||| INVOKING Spit Poison.
  1428 | D:2      | 1428 ||| INVOKING Spit Poison.
  1438 | D:2      | Noticed Jessica
  1441 | D:2      | Killed Jessica
  1441 | D:2      | Reached skill level 4 in Axes
  1441 | D:2      | Reached XP level 4. HP: 42/42 MP: 4/4
  1508 | D:2      | 1508 ||| INVOKING Spit Poison.
  1515 | D:2      | 1515 ||| FLEEEEING.
  1516 | D:2      | 1516 ||| FLEEEEING.
  1517 | D:2      | 1517 ||| FLEEEEING.
  1518 | D:2      | 1518 ||| FLEEEEING.
  1519 | D:2      | 1519 ||| FLEEEEING.
  1520 | D:2      | 1520 ||| FLEEEEING.
  1521 | D:2      | 1521 ||| FLEEEEING.
  1522 | D:2      | 1522 ||| FLEEEEING.
  1523 | D:2      | 1523 ||| FLEEEEING.
  1524 | D:2      | 1524 ||| FLEEEEING.
  1525 | D:2      | 1525 ||| INVOKING Spit Poison.
  1584 | D:2      | 1584 ||| INVOKING Spit Poison.
  1594 | D:2      | 1594 ||| INVOKING Spit Poison.
  1622 | D:2      | 1622 ||| Stepping ~*~*~tactically~*~*~ (stealth).
  1623 | D:2      | 1623 ||| Stepping ~*~*~tactically~*~*~ (stealth).
  1624 | D:2      | 1624 ||| INVOKING Spit Poison.
  1625 | D:2      | 1625 ||| INVOKING Spit Poison.
  1690 | D:2      | 1690 ||| INVOKING Spit Poison.
  1757 | D:2      | 1757 ||| INVOKING Spit Poison.
  1758 | D:2      | 1758 ||| Stepping ~*~*~tactically~*~*~ (stealth).
  1761 | D:2      | 1761 ||| INVOKING Spit Poison.
  1774 | D:2      | 1774 ||| DROPPING +0 club.
  1796 | D:2      | 1796 ||| INVOKING Spit Poison.
  1803 | D:2      | 1803 ||| INVOKING Spit Poison.
  1803 | D:2      | Reached skill level 5 in Axes
  1846 | D:2      | 1846 ||| INVOKING Spit Poison.
  1855 | D:2      | 1855 ||| INVOKING Spit Poison.
  1856 | D:2      | 1856 ||| INVOKING Spit Poison.
  1856 | D:2      | Reached XP level 5. HP: 49/49 MP: 5/5
  1902 | D:2      | Found a burning altar of Makhleb.
  2129 | D:2      | 2129 ||| INVOKING Spit Poison.
  2130 | D:2      | 2130 ||| INVOKING Spit Poison.
  2212 | D:2      | 2212 ||| INVOKING Spit Poison.
  2213 | D:2      | 2213 ||| INVOKING Spit Poison.
  2315 | D:3      | 2315 ||| INVOKING Spit Poison.
  2316 | D:3      | 2316 ||| Stepping ~*~*~tactically~*~*~ (stealth).
  2319 | D:3      | 2319 ||| Stepping ~*~*~tactically~*~*~ (stealth).
  2335 | D:3      | 2335 ||| FLEEEEING.
  2336 | D:3      | 2336 ||| FLEEEEING.
  2337 | D:3      | 2337 ||| STAIRDANCE
  2385 | D:3      | 2385 ||| Stepping ~*~*~tactically~*~*~ (stealth).
  2425 | D:3      | 2425 ||| INVOKING Spit Poison.
  2434 | D:3      | 2434 ||| Stepping ~*~*~tactically~*~*~ (stealth).
  2436 | D:3      | 2436 ||| INVOKING Spit Poison.
  2540 | D:3      | 2540 ||| Stepping ~*~*~tactically~*~*~ (hiding).
  2541 | D:3      | 2541 ||| Waiting for ranged monster.
  2542 | D:3      | 2542 ||| Waiting for ranged monster.
  2545 | D:3      | 2545 ||| Waiting for ranged monster.
  2546 | D:3      | 2546 ||| Waiting for ranged monster.
  2547 | D:3      | 2547 ||| INVOKING Spit Poison.
  2548 | D:3      | 2548 ||| INVOKING Spit Poison.
  2555 | D:3      | 2555 ||| INVOKING Spit Poison.
  2614 | D:3      | 2614 ||| INVOKING Spit Poison.
  2687 | D:3      | 2687 ||| INVOKING Spit Poison.
  2692 | D:3      | Noticed Natasha
  2693 | D:3      | 2693 ||| Stepping ~*~*~tactically~*~*~ (hiding).
  2694 | D:3      | 2694 ||| Waiting for ranged monster.
  2695 | D:3      | 2695 ||| Waiting for ranged monster.
  2708 | D:3      | HP: 9/49 [white imp/puff of frost[Natasha] (10)]
  2708 | D:3      | HP: 2/49 [Natasha (7)]
  2708 | D:3      | Slain by a white imp

Levels and vault maps discovered:
D:1:      scummos_arrival_forest, layout_loops_corners, corexii_hall_statues_i,
          kennysheep_another_room, serial_park_tiny_pond
D:2:      layout_basic, marbit_many_paths, minmay_cut_off, uniq_jessica
D:3:      layout_basic, lemuel_round_altar, kennysheep_generic_room_4,
          uniq_natasha

Skill      XL: |  1  2  3  4 |
---------------+-------------+-----
Axes           | 3 4 5 |  5.3
Fighting       | |  3.0
Armour         | |  2.4
Shields        | |  2.4

Action                   |  1- 3 |  4- 6 || total
-------------------------+-------+-------++-------
Melee: War axe           |    65 |   131 ||   196
 Abil: Spit Poison       |    20 |    21 ||    41
  Use: Scroll            |     4 |       ||     4
  Eat: Chunk             |     2 |     5 ||     7
Armor: Scale mail        |    29 |    66 ||    95
Dodge: Dodged            |    11 |    31 ||    42
Block: Kite shield       |    35 |    66 ||   101

Table legend:
 A = Non-vault XP
 B = Vault XP
 C = Vault XP percentage of total XP
 D = Non-vault monster count
 E = Vault monster count
 F = Vault count percentage of total count
                 A         B        C        D         E       F
            +---------+---------+-------+---------+---------+-------
      Total |     161 |      50 |  23.7 |      65 |       6 |   8.5
            +---------+---------+-------+---------+---------+-------
        D:1 |      36 |       0 |   0.0 |      22 |       0 |   0.0
        D:2 |      87 |      50 |  36.5 |      25 |       6 |  19.4
        D:3 |      38 |       0 |   0.0 |      18 |       0 |   0.0
            +---------+---------+-------+---------+---------+-------
